 Dungeon Crawl Stone Soup version 0.31-a0-236-g9a0961fb85 (webtiles) character file.

Game seed: 16998056773726154253

6256 AlmostDecent the Grappler (level 10, -2/138 HPs)
             Began as a Troll Berserker on July 11, 2023.
             Was a Priest of Trog.
             Slain by an orc warrior
             ... wielding a +0 glaive
              (16 damage)
             ... in a bailey.
             The game lasted 00:20:06 (6322 turns).

AlmostDecent the Grappler (Troll Berserker)         Turns: 6322, Time: 00:20:07

Health: -2/138     AC: 25    Str: 27    XL:     10   Next: 62%
Magic:  9/9        EV:  1    Int:  3    God:    Trog [***...]
Gold:   382        SH:  0    Dex: 13    Spells: 9/9 levels left

rFire   . .          .
                       - Unarmed
rCold   . . .        (no shield)
rNeg    . . .        z - melded +0 swamp dragon scales
rPois   +            (helmet currently unavailable)
rElec   .            (cloak currently unavailable)
rCorr   .            (gloves unavailable)
SInv    .            (boots unavailable)
Will    .....        (no amulet)
Stlth   ++           o - +4 ring of slaying
HPRegen 1.23/turn    (no ring)
MPRegen 0.11/turn

%: no passive effects
@: mighty, tree-form, on berserk cooldown, slowed, very slow
A: stationary, stasis, torment immunity, boosted hp, large, unfitting armour,
(claws 3), regeneration 1, (shaggy fur 1), (tough skin 1)
a: Renounce Religion, Berserk, Trog's Hand


You were in a bailey.
You worshipped Trog.
Trog was most pleased with you.
You were a tree.
You visited 1 branch of the dungeon, and saw 9 of its levels.
You also visited: Bailey.

You collected 382 gold pieces.

Inventory:

Hand Weapons
 v - a +2 scimitar of flaming
 y - a +2 broad axe of electrocution
Armour
 a - a +1 animal skin
 w - a +2 robe of fire resistance
 z - +0 swamp dragon scales (melded)
Jewellery
 o - a +4 ring of slaying (left branch)
Wands
 d - a wand of mindburst (15)
 h - a wand of roots (14)
 l - a wand of flame (14)
 r - a wand of paralysis (3)
Scrolls
 c - 3 scrolls of poison
 e - 3 scrolls of enchant armour
 m - 3 scrolls of amnesia
 s - a scroll of revelation
Potions
 b - a potion of attraction {unknown}
 f - 3 potions of lignification
 i - a potion of haste
 j - 3 potions of mutation {unknown}
 n - a potion of heal wounds {unknown}
 p - a potion of cancellation {unknown}
 q - a potion of enlightenment {unknown}
 t - a potion of degeneration {unknown}
 u - a potion of invisibility {unknown}
 x - a potion of berserk rage {unknown}


   Skills:
 * Level 4.1 Fighting
 + Level 2.5 Armour
 + Level 5.3 Dodging
 + Level 2.0 Stealth
 * Level 13.9 Unarmed Combat


You had 9 spell levels left.
You didn't know any spells.
Your spell library was empty.

Dungeon Overview and Level Annotations

Branches:
Dungeon (9/15)             Temple (0/1) D:4          Bailey (1/1)
   Lair: D:8-11         Orc: D:9-12

Altars:

Shops:
D:9 (


Innate Abilities, Weirdness & Mutations

You are a tree.
Your roots penetrate the ground, keeping you stationary.
You cannot be teleported.
You are immune to unholy pain and torment.
Your maximum health is greatly increased.
Your equipment is partially melded.
You are too large for most types of armour.
((You have claws for hands.))
Your natural rate of healing is unusually fast.
((You are covered in fur. (AC +1)))
((You have tough skin. (AC +1)))


Message History

* * * LOW HITPOINT WARNING * * *
You feel better.
The orc warrior hits you but does no damage.
The orc warrior closely misses you.
Your two-headed ogre closely misses the orc warrior.
Your two-headed ogre completely misses the orc warrior.
The centaur throws a javelin.
The javelin pierces through you.
* * * LOW HITPOINT WARNING * * *
The javelin closely misses the orc warrior.
You feel very mighty all of a sudden.
Your two-headed ogre barely misses the orc warrior.
Your two-headed ogre hits the orc warrior with a +0 giant spiked club!
The orc warrior dies!
Trog accepts your kill. The orc warrior misses you.
The centaur throws a javelin.
The javelin barely misses you.
The orc warrior hits you from afar with a +0 glaive!
* * * LOW HITPOINT WARNING * * *
A centaur comes into view. It is wielding a +0 halberd.
Really quaff the potion of lignification?
You turn into a tree.
Your +0 swamp dragon scales melds into your body.
Your roots penetrate the ground.
The centaur throws a javelin.
The javelin pierces through you but does no damage.
The orc warrior hits you but does no damage.
What are your orders? t - Creak!
Orders for allies: a - Attack new target. r - Retreat! s - Stop attacking. g - Guard the area. f - Follow me.
Anything else - Cancel.
Gang up on whom?
Press: ? - help, Dir - move target, f - orc warrior
Aim: an orc warrior, wielding a +0 glaive and wearing a +0 chain mail (ally target) Attack!
Your skin stops crawling.
You feel less strong-willed.
The centaur throws a javelin.
The javelin pierces through you but does no damage.
The orc warrior hits you from afar with a +0 glaive!
You die...

#################
≈≈≈≈≈≈≈≈≈≈≈≈≈≈≈≈≈#
≈≈≈≈≈≈≈≈≈≈≈≈≈≈≈≈≈≈
≈≈≈≈.....oc≈≈≈≈≈≈≈≈
≈≈c.≈≈≈.≈≈≈..≈≈≈≈≈≈
..≈≈≈.)♣.O≈≈≈..≈≈≈≈
≈≈≈.........≈≈≈.≈≈≈
≈.....≈)≈)....≈c≈≈≈
≈.⌠..≈≈)≈≈).⌠.≈≈.≈≈
.....≈~≈~≈.....≈c≈≈
....≈≈~≈~≈≈....≈≈.≈
....≈~≈≈≈~≈)....≈c≈
....≈~≈)≈~≈))...≈.≈
...≈~≈?≈~≈.....≈.≈


You could see an orc warrior (ally target), 2 centaurs and a friendly two-headed
ogre (summoned, berserk).

Vanquished Creatures
  Erica (D:8)
  Maggie (D:8)
  A troll (D:7)
  Grinder (D:4)
  Sigmund (D:6)
  A vampire (D:9)
  A wyvern (D:9)
  A steam dragon (D:6)
  Menkaure (D:4)
  2 water moccasins (D:8)
  10 orc warriors
  4 sky beasts
  3 ice beasts
  A black bear (D:8)
  2 ogres (D:5)
  6 centaurs
  A phantom (D:5)
  Blork the orc (D:4)
  3 bullfrogs
  A gnoll sergeant (D:6)
  4 scorpions
  4 killer bees (D:8)
  3 howler monkeys (D:7)
  A jelly (D:6)
  5 orc priests
  Jessica (D:3)
  2 iguanas
  2 orc wizards
  7 adders
  7 gnolls
  A white imp (D:6)
  An ufetubus (D:5)
  4 worms
  A dart slug (D:4)
  57 orcs
  8 ball pythons
  7 bats
  4 endoplasms
  3 giant cockroaches
  9 hobgoblins
  3 quokkas
  3 frilled lizards (D:1)
  12 goblins
  2 kobolds
  5 rats
199 creatures vanquished.

Vanquished Creatures (collateral kills)
  2 orc warriors (Bailey)
  A centaur (Bailey)
  4 orcs (Bailey)
7 creatures vanquished.

Grand Total: 206 creatures vanquished

Notes
Turn   | Place    | Note
-------+----------+-------------------------------------------
     0 | D:1      | AlmostDecent the Troll Berserker began the quest for the
                  | Orb.
     0 | D:1      | Reached XP level 1. HP: 22/22 MP: 0/0
    63 | D:1      | Reached XP level 2. HP: 22/29 MP: 1/1
   572 | D:2      | Reached XP level 3. HP: 36/36 MP: 2/2
   573 | D:2      | Reached ** piety under Trog
   813 | D:2      | Reached skill level 4 in Unarmed Combat
   892 | D:2      | Reached XP level 4. HP: 44/44 MP: 3/3
  1297 | D:3      | Reached skill level 5 in Unarmed Combat
  1297 | D:3      | Reached XP level 5. HP: 50/50 MP: 4/4
  1334 | D:3      | Found a faded altar of an unknown god.
  1334 | D:3      | Noticed Jessica
  1340 | D:3      | Killed Jessica
  1725 | D:4      | Noticed Grinder
  1732 | D:4      | Killed Grinder
  1733 | D:4      | Reached skill level 6 in Unarmed Combat
  1733 | D:4      | Reached XP level 6. HP: 59/59 MP: 5/5
  1747 | D:4      | Found a staircase to the Ecumenical Temple.
  1777 | D:4      | Noticed Menkaure
  1799 | D:4      | Killed Menkaure
  1800 | D:4      | Reached skill level 7 in Unarmed Combat
  1800 | D:4      | Reached XP level 7. HP: 34/66 MP: 6/6
  2615 | D:4      | Noticed Blork the orc
  2622 | D:4      | Killed Blork the orc
  2623 | D:4      | Reached skill level 8 in Unarmed Combat
  2974 | D:5      | Entered Level 5 of the Dungeon
  2989 | D:5      | Reached XP level 8. HP: 75/75 MP: 7/7
  3159 | D:5      | Reached skill level 9 in Unarmed Combat
  3428 | D:6      | Noticed Sigmund
  3430 | D:6      | Reached *** piety under Trog
  3440 | D:6      | Killed Sigmund
  3456 | D:6      | Reached skill level 1 in Stealth
  3560 | D:6      | Reached skill level 10 in Unarmed Combat
  3724 | D:6      | Reached XP level 9. HP: 83/83 MP: 8/8
  3967 | D:6      | Reached skill level 11 in Unarmed Combat
  4182 | D:7      | Noticed a troll
  4192 | D:7      | Killed a troll
  4752 | D:8      | Reached skill level 12 in Unarmed Combat
  4956 | D:8      | Noticed Erica
  4956 | D:8      | Found the +5 robe of Misfortune {Harm *Corrode *Slow EV+5}
  4973 | D:8      | Killed Erica
  5061 | D:8      | Reached skill level 5 in Dodging
  5221 | D:8      | Reached XP level 10. HP: 78/92 MP: 9/9
  5418 | D:8      | Noticed Maggie
  5438 | D:8      | Killed Maggie
  5439 | D:8      | Reached skill level 13 in Unarmed Combat
  5783 | D:9      | Found Kuriun's Weapon Emporium.
  5863 | D:9      | Found a flagged portal.
  5872 | Bailey   | Entered a bailey
  6000 | Bailey   | Reached **** piety under Trog
  6014 | Bailey   | Reached skill level 1 in Armour
  6322 | Bailey   | Slain by an orc warrior

Illustrated notes

Levels and vault maps discovered:
D:1:      dpeg_arrival_windows_large_door, layout_rooms
D:2:      layout_basic, chequers_serial_rivers_micro_e
D:3:      layout_basic, chequers_ecumenical_altar_simple, uniq_jessica
D:4:      layout_basic, minmay_temple_entry_waves, serial_rivers,
          chequers_serial_rivers_large_b, chequers_serial_rivers_micro_c,
          chequers_serial_rivers_small_b, chequers_serial_rivers_micro_d,
          minmay_misc_feat_more_columns, uniq_grinder, uniq_menkaure,
          uniq_blork_the_orc
D:5:      layout_rooms, moated_statue, st_stairs_12
D:6:      layout_basic, minivault_23, uniq_sigmund
D:7:      layout_basic, st_stairs_9, small_statue_intersection,
          chequers_mini_garden, nicolae_elevator_lobby_plus
D:8:      layout_loops_corners, nicolae_letterblocks [nicolae_letter_subblock,
          nicolae_letter_subblock, nicolae_letter_subblock,
          nicolae_letter_subblock, nicolae_letter_subblock,
          nicolae_letter_subblock, nicolae_letter_subblock,
          nicolae_letter_subblock, nicolae_letter_subblock,
          nicolae_letter_subblock, nicolae_letter_subblock,
          nicolae_letter_subblock, nicolae_letter_subblock,
          nicolae_letter_subblock, nicolae_letter_subblock,
          nicolae_letter_subblock, nicolae_letter_subblock,
          nicolae_letter_subblock, nicolae_letter_subblock,
          nicolae_letter_subblock, nicolae_letter_subblock,
          nicolae_letter_subblock, nicolae_letter_subblock,
          nicolae_letter_subblock, nicolae_letter_subblock], uniq_erica,
          uniq_maggie
D:9:      layout_grid_maze, grunt_temple_overflow_lords_of_destruction,
          enter_bailey_3, serial_shops, nicolae_shop_statue_plus
Bailey:   bailey_polearm_flooded_kennysheep, bailey

Skill      XL: |  1  2  3  4  5  6  7  8  9 10 |
---------------+-------------------------------+-----
Dodging        | 3 4 5 |  5.3
Unarmed Combat | 4 5 6 7 8 10 12 13 | 13.9
Fighting       | 3 4 |  4.1
Stealth        | 1 2 |  2.0
Armour         | 2 |  2.5

Action                     |  1- 3 |  4- 6 |  7- 9 | 10-12 || total
---------------------------+-------+-------+-------+-------++-------
  Melee: Unarmed           |    74 |    80 |   200 |   115 ||   469
         Punch             |     2 |     3 |    10 |    10 ||    25
 Invoke: Berserk           |       |     4 |     6 |     3 ||    13
         Trog's Hand       |       |     3 |       |     4 ||     7
         Brothers in Arms  |       |       |       |     1 ||     1
    Use: Scroll            |       |       |    13 |     1 ||    14
         Potion            |       |       |     1 |     9 ||    10
   Stab: Sleeping          |       |       |     2 |       ||     2
 Armour: Animal skin       |    38 |    13 |    30 |       ||    81
         Robe              |       |       |     4 |    11 ||    15
         Swamp dragon scal |       |       |       |    53 ||    53
         Skin              |       |       |       |     3 ||     3
  Dodge: Dodged            |    32 |    32 |    80 |   139 ||   283

Table legend: (Time is in decaauts)
 A = Elapsed time spent in this place.
 B = Non-inter-level travel time spent in this place.
 C = Inter-level travel time spent in this place.
 D = Time resting spent in this place.
 E = Time spent auto-exploring this place.
 F = Levels seen in this place.
 G = Mean time per level.
                   A        B        C        D        E       F      G
               +--------+--------+--------+--------+--------+-----+--------+
         Total |   6349 |   6170 |    179 |    451 |   4463 |  10 |  634.9 |
       Dungeon |   5906 |   5727 |    179 |    451 |   4350 |   9 |  656.2 |
        Bailey |    442 |    442 |      0 |      0 |    113 |   1 |  442.0 |
               +--------+--------+--------+--------+--------+-----+--------+

Top non-repeatable levels by time:
     D:4: 1401 daAuts
     D:8: 990 daAuts
     D:6: 657 daAuts
     D:7: 650 daAuts
     D:3: 562 daAuts
     D:2: 557 daAuts
     D:1: 492 daAuts
     D:5: 448 daAuts
  Bailey: 442 daAuts
     D:9: 146 daAuts
